 Dungeon Crawl Stone Soup version 0.27.0-1-g7a089689b8 (webtiles) character file.

Game seed: 14297778794859599522

16 pkoi the Slasher (level 2, 0/25 HPs)
             Began as a Minotaur Gladiator on Aug 10, 2021.
             Was a Follower of Cheibriados.
             Slain by Sigmund (1 damage)
             ... on level 2 of the Dungeon.
             The game lasted 00:00:59 (1315 turns).

pkoi the Slasher (Minotaur Gladiator)               Turns: 1315, Time: 00:01:00

Health: 0/25       AC:  3    Str: 21    XL:     2   Next: 41%
Magic:  1/1        EV: 12    Int:  8    God:    Cheibriados [*.....]
Gold:   65         SH:  0    Dex: 14    Spells: 1/1 levels left

rFire    . . .     SeeInvis .   a - +0 long sword
rCold    . . .     Faith    .   (no shield)
rNeg     . . .     Spirit   .   b - +0 leather armour
rPois    .         Reflect  .   c - +0 hat
rElec    .         Harm     .   (no cloak)
rCorr    .         Rampage  .   (no gloves)
Will     .....                  (no boots)
Stlth    +.........             (no amulet)
HPRegen  0.08/turn              (no ring)
MPRegen  0.07/turn              (no ring)

@: mighty, very slow
A: horns 2, retaliatory headbutt
a: Renounce Religion, Bend Time


You were on level 2 of the Dungeon.
You worshipped Cheibriados.
Cheibriados was aware of your devotion.
You visited 1 branch of the dungeon, and saw 2 of its levels.

You collected 65 gold pieces.

Inventory:

Hand Weapons
 a - a +0 long sword (weapon)
Missiles
 d - 3 throwing nets (quivered)
Armour
 b - a +0 leather armour (worn)
 c - a +0 hat (worn)
Wands
 j - a wand of acid (11)
Scrolls
 e - a scroll of enchant weapon {unknown}
 g - a scroll of enchant armour {unknown}
 h - a scroll of identify {unknown}
Potions
 f - a potion of curing
 k - 3 potions of heal wounds {unknown}
 l - a potion of berserk rage {unknown}


   Skills:
 + Level 2.7 Fighting
 * Level 3.9 Long Blades
 + Level 2.2 Throwing
 + Level 0.8 Armour
 + Level 3.4 Dodging
 * Level 0.0 Invocations


You had one spell level left.
You didn't know any spells.
Your spell library contained the following spells:

 Spells                   Type           Power      Damage    Failure   Level
 Ensorcelled Hibernation  Hex/Ice        0%         N/A       58%         2
 Spider Form              Tmut/Pois      0%         N/A       83%         3
 Shadow Creatures         Summ           N/A        N/A       100%        6


Dungeon Overview and Level Annotations

Branches:
Dungeon (2/15)

Altars:
Cheibriados

Annotations:
D:2 Sigmund


Innate Abilities, Weirdness & Mutations

You have a pair of horns on your head.
You reflexively headbutt those who attack you in melee.


Message History

f - 2 bubbling purple potions (gained 1)
l - a fuming coppery potion A goblin comes into view.
It is wielding a +0 club.
The goblin shouts!
A goblin is nearby!
You miss the goblin. You headbutt the goblin.
You kill the goblin!
Cheibriados thoroughly appreciates the change of pace.
Cheibriados raises the support of your attributes as your movement slows.
No target in view!
No target in view!
Sigmund the Dreaded comes into view.
He is wielding a +3 scythe of freezing.
Sigmund moves out of view.
Things that are here:
a +0 club; a goblin corpse Sigmund says, "Now you see me, now you don't..."
Sigmund is nearby!
Sigmund is nearby!
Sigmund is nearby!
Okay, then.
Unknown command.
Sigmund laughs darkly.
Sigmund hits you from afar with a +3 scythe of freezing!
Ouch! That really hurt!
Sigmund freezes you.
* * * LOW HITPOINT WARNING * * *
Sigmund says, "Look into my eyes."
Sigmund casts a spell at you. You resist with significant effort.
It was a potion of curing.
You feel better.
Sigmund hits you from afar with a +3 scythe of freezing!
* * * LOW HITPOINT WARNING * * *
Sigmund freezes you.
* * * LOW HITPOINT WARNING * * *
It was a potion of might.
You feel very mighty all of a sudden.
Sigmund hits you from afar with a +3 scythe of freezing.
* * * LOW HITPOINT WARNING * * *
Sigmund freezes you.
You die...

#..##########.######.#
#..# #.# #.# #..# #.# #.#
...# ######.#### #.#
.#..# #.........# #.###
#.####.##.# #.... #.#
#.##.# #..## .#..#####.#
#.##.# #....
......@.@.####.##.# ##.##
##.......).....##.###...#
#.##############....#.#.
#....#.## #..#.#.##
########..#.....
..........###.##
########.#.##.##
#.##.#.#.


You could see Sigmund.

Vanquished Creatures
  4 ball pythons
  2 endoplasms
  2 kobolds (D:1)
  2 quokkas (D:1)
  A frilled lizard (D:1)
  2 goblins (D:2)
  2 rats
15 creatures vanquished.

Notes
Turn   | Place    | Note
-------+----------+-------------------------------------------
     0 | D:1      | pkoi the Minotaur Gladiator began the quest for the Orb.
     0 | D:1      | Reached XP level 1. HP: 18/18 MP: 0/0
   431 | D:1      | Reached XP level 2. HP: 13/25 MP: 1/1
   629 | D:1      | Noticed a great orb of eyes
   634 | D:1      | Found a faded altar of an unknown god.
   636 | D:1      | Noticed a great orb of eyes
   636 | D:1      | Noticed an eye of devastation
   636 | D:1      | Noticed a shining eye
   650 | D:1      | Became a worshipper of Cheibriados the Contemplative
   650 | D:1      | Reached * piety under Cheibriados
  1308 | D:2      | Noticed Sigmund
  1315 | D:2      | HP: 1/25 [Sigmund (1)]
  1315 | D:2      | Slain by Sigmund

Illustrated notes

Levels and vault maps discovered:
D:1:      heliophobic_arrival_ceremonial_halls, layout_basic,
          hellmonk_ecumenical_altar_watching_god, bh_walls_and_bars
D:2:      layout_loops_ring, uniq_sigmund

Action                   || total
-------------------------++-------
Melee: Long sword        ||    23
       Headbutt          ||     3
  Use: Potion            ||     2
 Stab: Sleeping          ||     1
Armor: Leather armour    ||    13
Dodge: Dodged            ||    17
       Rpst.: Long sword ||     4
